 Dungeon Crawl Stone Soup version 0.31-a0-216-g22e908daa7 (webtiles) character file.

Game seed: 403596034025464302

7726 qw the Skirmisher (level 11, -2/99 HPs)
             Began as a Minotaur Hexslinger on July 2, 2023.
             Was an Initiate of Okawaru.
             Succumbed to a water moccasin's poison
             ... on level 1 of the Lair of Beasts.
             The game lasted 00:03:42 (9258 turns).

qw the Skirmisher (Minotaur Hexslinger)             Turns: 9258, Time: 00:03:43

Health: -2/99      AC:  8    Str: 14    XL:     11   Next: 0%
Magic:  11/11      EV: 15    Int: 10    God:    Okawaru [......]
Gold:   451        SH:  5    Dex: 16    Spells: 11/12 levels left

rFire   + . .        Y - +6 orcbow (freeze)
rCold   + . .        (shield currently unavailable)
rNeg    + . .        q - +2 robe {rN+}
rPois   .            (helmet restricted)
rElec   .            b - scarf {rC+ rF+}
rCorr   +            e - +2 pair of gloves {hurl}
SInv    +            d - +0 pair of boots
Will    .....        c - amulet of reflection
Stlth   +            h - ring of resist corrosion
HPRegen 0.36/turn    i - ring of see invisible
MPRegen 0.12/turn

%: reflection
@: lethally poisoned (-2 -> -18), about to teleport
A: horns 2, retaliatory headbutt
a: Renounce Religion


You were on level 1 of the Lair of Beasts.
You worshipped Okawaru.
Okawaru was noncommittal.
You visited 3 branches of the dungeon, and saw 12 of its levels.

You collected 751 gold pieces.
You spent 300 gold pieces at shops.


Innate Abilities, Weirdness & Mutations

You have a pair of horns on your head.
You reflexively headbutt those who attack you in melee.


   Skills:
 - Level 10.0 Fighting
 + Level 14.5 Ranged Weapons
 - Level 4.2 Armour
 - Level 6.2 Dodging
 - Level 1.0 Spellcasting
 - Level 2.0 Hexes


You had 11 spell levels left.
You knew the following spells:

 Your Spells              Type           Power      Damage    Failure   Level
a - Slow                  Hex            16%        N/A       16%         1

Your spell library contained the following spells:

 Spells                   Type           Power      Damage    Failure   Level
 Inner Flame              Hex/Fire       2%         N/A       56%         3
 Portal Projectile        Hex/Tloc       4%         N/A       56%         3
 Cause Fear               Hex            2%         N/A       83%         4

Inventory:

Hand Weapons
 Y - a +6 orcbow of freezing (weapon)
Armour
 b - a scarf of resistance (worn)
 d - a +0 pair of boots (worn)
 e - a +2 pair of gloves of hurling (worn)
 q - a +2 robe of positive energy (worn)
Jewellery
 c - an amulet of reflection (around neck)
 h - a ring of resist corrosion (left hand)
 i - a ring of see invisible (right hand)
 l - a ring of fire
 m - a ring of ice
Wands
 n - a wand of digging (8)
Scrolls
 a - 3 scrolls of identify
 f - 2 scrolls of teleportation
Potions
 g - a potion of cancellation
 j - 7 potions of curing
 k - 2 potions of heal wounds

Dungeon Overview and Level Annotations

Branches:
Dungeon (10/15)            Temple (1/1) D:4            Lair (1/5) D:9
    Orc: D:9-12

Altars:
Ashenzari
Cheibriados
Dithmenos
Elyvilon
Fedhas
Gozag
Hepliaklqana
Kikubaaqudgha
Makhleb
Nemelex Xobeh
Okawaru
Qazlal
Ru
Sif Muna
Trog
Uskayaw
Vehumet
Wu Jian
Xom
Yredelemnul
Zin
The Shining One

Shops:
D:8 *

Portals:
Trove: D:10 (give +4 ice dragon scales)

Annotations:
D:9 1 runed translucent door, qw's ghost, novice GrHs


Message History

The catoblepas gores you!
You shoot an arrow. The arrow hits the catoblepas.
The arrow freezes the catoblepas.
The catoblepas is moderately wounded.
You shoot an arrow.
The arrow hits the catoblepas but does no damage.
The catoblepas is moderately wounded.
A nearby fungus withers and dies.
The catoblepas gores you but does no damage.
You shoot an arrow. The arrow hits the catoblepas!
The arrow freezes the catoblepas.
The catoblepas is moderately wounded.
The catoblepas breathes a plume of calcifying dust at you.
The blast of calcifying dust hits you!
9253 ||| Stepping ~*~*~tactically~*~*~ (cloud).
The water moccasin is no longer petrified.
The catoblepas gores you!!
You shoot an arrow. The arrow hits the catoblepas!
The arrow freezes the catoblepas.
The catoblepas is heavily wounded.
The catoblepas gores you!!
You shoot an arrow.
The arrow hits the catoblepas but does no damage.
The catoblepas is heavily wounded.
You shoot an arrow.
The arrow hits the catoblepas but does no damage.
The catoblepas is heavily wounded.
The catoblepas closely misses you. You furiously retaliate!
You headbutt the catoblepas! The water moccasin barely misses you.
You furiously retaliate!
You headbutt the water moccasin. You shoot an arrow.
The arrow hits the catoblepas!
The arrow freezes the catoblepas.
The catoblepas is almost dead.
The water moccasin bites you.
You are poisoned.
The water moccasin poisons you! The catoblepas gores you!!
9258 ||| READING 3 scrolls of teleportation.
As you read the scroll of teleportation, it crumbles to dust.
You feel strangely unstable.
You die...

.#S... ..#...#
..#...#
......###
#........ #
##.~¤¤¤~¤.
##..###..~¤~¤¤~.
#.......S~¤¤~~~.
##..#.#Y@¤¤~~~~.
# #¤¤¤¤¤~¤~.
##.¤~¤~~~.
#¤¤¤#~#~.##
#¤¤## #~...
##.¤# #¤¤#
#..¤###~~.#
##.~¤¤¤~~¤#
#P......¤.#


You could see a catoblepas and a water moccasin.

Vanquished Creatures
  A two-headed ogre (D:8)
  A cane toad (Lair:1)
  A kobold demonologist (D:10)
  Prince Ribbit (D:5)
  2 trolls (D:9)
  Sigmund (D:2)
  A wyvern (D:9)
  6 yaks
  A steam dragon (D:7)
  Duvessa (D:5)
  2 acid dragons
  4 orc warriors
  2 ice beasts
  5 black bears
  4 ogres
  7 centaurs
  A phantom (D:6)
  3 kobold brigands
  2 bullfrogs
  A gnoll sergeant (D:9)
  3 scorpions
  5 wights (D:8)
  Dowan (D:5)
  13 killer bees
  5 howler monkeys
  A jelly (D:4)
  A gnoll bouda (D:4)
  A hound (D:7)
  3 orc priests
  Jessica (D:2)
  A sleepcap (D:8)
  3 iguanas
  5 orc wizards
  14 gnolls
  6 adders
  A shadow imp (D:7)
  2 ufetubi (D:6)
  2 worms
  2 dart slugs
  26 orcs
  6 bats
  11 endoplasms
  2 giant cockroaches (D:2)
  5 goblins
  2 hobgoblins
  4 jackals (D:1)
  2 quokkas
  5 ball pythons
  3 frilled lizards
  19 kobolds
  2 rats
204 creatures vanquished.

Notes
Turn   | Place    | Note
-------+----------+-------------------------------------------
     0 | D:1      | qw the Minotaur Hexslinger began the quest for the Orb.
     0 | D:1      | Reached XP level 1. HP: 16/16 MP: 1/1
     0 | D:1      | 0 ||| qw: Version: 0.3-a-40-ge99b1a8
     0 | D:1      | 0 ||| qw: Game counter: 7949
     0 | D:1      | 0 ||| qw: Melee chars always use a shield: true
     0 | D:1      | 0 ||| qw: God list: Okawaru
     0 | D:1      | 0 ||| qw: Allow faded altars: false
     0 | D:1      | 0 ||| qw: Do Orc after clearing Dungeon:15 true
     0 | D:1      | 0 ||| qw: Do second Lair branch before Depths: true
     0 | D:1      | 0 ||| qw: Lair rune preference: random
     0 | D:1      | 0 ||| qw: Goals: Normal
     0 | D:1      | 0 ||| PLANNING D:1-11
   243 | D:1      | Found a faded altar of an unknown god.
   361 | D:1      | Reached skill level 3 in Ranged Weapons
   361 | D:1      | Reached XP level 2. HP: 23/23 MP: 2/2
   756 | D:1      | 756 ||| UPGRADING to +0 pair of boots.
   761 | D:1      | 761 ||| UPGRADING to +0 leather armour.
   771 | D:1      | 771 ||| DROPPING +0 robe.
   772 | D:1      | 772 ||| READING 2 scrolls labelled NYAGUPLUFY.
   773 | D:1      | 773 ||| READING scroll labelled PADIRA OCRYANAQU.
   874 | D:1      | 874 ||| READING scroll labelled URAPNO GIAXZU.
   874 | D:1      | Identified a scroll of acquirement
   874 | D:1      | 874 ||| ACQUIRING +5 orcbow of freezing
   874 | D:1      | Acquired a +5 orcbow of freezing
   876 | D:1      | 876 ||| SWAPPING to +5 orcbow of freezing.
   877 | D:1      | 877 ||| DROPPING +1 sling.
   878 | D:1      | 878 ||| READING scroll labelled JOSURU VIMEPN.
   883 | D:1      | 883 ||| DROPPING scroll of poison.
   930 | D:2      | Noticed Sigmund
   934 | D:2      | Killed Sigmund
   935 | D:2      | Reached skill level 5 in Ranged Weapons
   935 | D:2      | Reached XP level 3. HP: 23/29 MP: 3/3
   935 | D:2      | Reached XP level 4. HP: 29/36 MP: 4/4
   935 | D:2      | Reached XP level 5. HP: 33/41 MP: 5/5
  1120 | D:2      | Noticed Jessica
  1123 | D:2      | Killed Jessica
  1315 | D:2      | Reached skill level 3 in Fighting
  1319 | D:2      | Reached skill level 6 in Ranged Weapons
  1390 | D:2      | Reached skill level 1 in Armour
  1738 | D:2      | 1738 ||| UPGRADING to ring of resist corrosion.
  1739 | D:2      | 1739 ||| READING scroll labelled JUCAKAK SIJAGG.
  1740 | D:2      | 1740 ||| READING scroll labelled CAG SOSTROCVU.
  1741 | D:2      | 1741 ||| READING scroll labelled IGYCAONOTU.
  1742 | D:2      | 1742 ||| DRINKING 2 ruby potions.
  1743 | D:2      | 1743 ||| READING 4 scrolls of identify.
  1743 | D:2      | 1743 ||| IDENTIFYING fizzy brown potion
  1744 | D:2      | 1744 ||| READING 3 scrolls of identify.
  1744 | D:2      | 1744 ||| IDENTIFYING amethyst potion
  1745 | D:2      | 1745 ||| READING 2 scrolls of identify.
  1745 | D:2      | 1745 ||| IDENTIFYING grey potion
  1746 | D:2      | 1746 ||| DROPPING potion of lignification.
  1747 | D:2      | 1747 ||| DROPPING potion of ambrosia.
  1877 | D:3      | Reached XP level 6. HP: 52/52 MP: 6/6
  1955 | D:3      | 1955 ||| FLEEEEING.
  1956 | D:3      | 1956 ||| FLEEEEING.
  2432 | D:3      | Found a radiant altar of Vehumet.
  2626 | D:3      | 2626 ||| UPGRADING to +0 ring mail.
  2636 | D:3      | 2636 ||| DROPPING +0 leather armour.
  2637 | D:3      | 2637 ||| UPGRADING to amulet of reflection.
  2642 | D:3      | 2642 ||| READING 3 scrolls of identify.
  2642 | D:3      | 2642 ||| IDENTIFYING viscous golden potion
  2643 | D:3      | 2643 ||| DROPPING potion of brilliance.
  2841 | D:4      | Reached skill level 7 in Ranged Weapons
  2945 | D:4      | Reached XP level 7. HP: 59/59 MP: 7/7
  2982 | D:4      | Reached skill level 8 in Ranged Weapons
  2982 | D:4      | 2982 ||| FLEEEEING.
  3001 | D:4      | 3001 ||| FLEEEEING.
  3035 | D:4      | Found a staircase to the Ecumenical Temple.
  3036 | D:4      | 3036 ||| PLANNING TEMPLE
  3036 | D:4      | 3036 ||| UPGRADING to +2 pair of gloves of hurling.
  3049 | Temple   | Entered the Ecumenical Temple
  3086 | Temple   | 3086 ||| PLANNING D:1-11
  3384 | D:4      | 3384 ||| READING scroll labelled OCLI PEC ZUJUO.
  3397 | D:5      | Entered Level 5 of the Dungeon
  3502 | D:5      | Reached XP level 8. HP: 68/68 MP: 8/8
  3568 | D:5      | Reached skill level 9 in Ranged Weapons
  3615 | D:5      | Noticed Duvessa
  3615 | D:5      | Noticed Dowan
  3620 | D:5      | Killed Duvessa
  3626 | D:5      | Killed Dowan
  3627 | D:5      | Reached skill level 6 in Fighting
  3881 | D:5      | 3881 ||| Stepping ~*~*~tactically~*~*~ (outnumbered).
  3883 | D:5      | 3883 ||| Stepping ~*~*~tactically~*~*~ (outnumbered).
  3887 | D:5      | 3887 ||| FLEEEEING.
  3930 | D:5      | Reached skill level 3 in Dodging
  4056 | D:5      | Noticed Prince Ribbit
  4069 | D:5      | Killed Prince Ribbit
  4070 | D:5      | Reached skill level 10 in Ranged Weapons
  4185 | D:5      | 4185 ||| READING scroll labelled NEIROSE FOSCHOL.
  4186 | D:5      | 4186 ||| READING 2 scrolls of identify.
  4186 | D:5      | 4186 ||| IDENTIFYING orange potion
  4208 | D:6      | Reached skill level 3 in Armour
  4429 | D:6      | Reached XP level 9. HP: 65/79 MP: 9/9
  4568 | D:6      | 4568 ||| Stepping ~*~*~tactically~*~*~ (outnumbered).
  4601 | D:6      | 4601 ||| UPGRADING to ring of see invisible.
  4639 | D:6      | 4639 ||| READING 2 scrolls of identify.
  4639 | D:6      | 4639 ||| IDENTIFYING lumpy cyan potion
  4640 | D:6      | 4640 ||| DROPPING potion of degeneration.
  4658 | D:6      | Reached skill level 11 in Ranged Weapons
  5051 | D:6      | 5051 ||| READING scroll labelled QAIXKAI WAXOWKIRUE.
  5382 | D:7      | Identified the +4 chain mail of Tixzirry {rF+ rC+}
  5557 | D:7      | 5557 ||| Stepping ~*~*~tactically~*~*~ (outnumbered).
  5560 | D:7      | Reached skill level 12 in Ranged Weapons
  5561 | D:7      | 5561 ||| Stepping ~*~*~tactically~*~*~ (outnumbered).
  5993 | D:7      | 5993 ||| READING scroll labelled NUFAR TYWKUSEY.
  6080 | D:8      | 6080 ||| FLEEEEING.
  6084 | D:8      | 6084 ||| STAIRDANCE
  6200 | D:8      | Found Xyschuvva's Fire Supplies.
  6212 | D:8      | 6212 ||| BUYING ring of fire (300 gold).
  6212 | D:8      | Bought a ring of fire for 300 gold pieces
  6212 | D:8      | 6212 ||| SHOPLISTING ring of protection from fire (300
                  | gold, have 136).
  6305 | D:8      | Noticed a two-headed ogre
  6311 | D:8      | HP: 12/81 [two-headed ogre/+0 giant club (34)]
  6312 | D:8      | 6312 ||| READING 4 scrolls of teleportation.
  6313 | D:8      | 6313 ||| DRINKING 2 potions of heal wounds.
  6315 | D:8      | Killed a two-headed ogre
  6316 | D:8      | Reached skill level 13 in Ranged Weapons
  6316 | D:8      | Reached XP level 10. HP: 29/88 MP: 10/10
  6318 | D:8      | 6318 ||| FLEEEEING.
  6319 | D:8      | 6319 ||| FLEEEEING.
  6320 | D:8      | 6320 ||| FLEEEEING.
  6321 | D:8      | 6321 ||| FLEEEEING.
  6322 | D:8      | 6322 ||| FLEEEEING.
  6323 | D:8      | 6323 ||| FLEEEEING.
  6324 | D:8      | 6324 ||| FLEEEEING.
  6325 | D:8      | 6325 ||| FLEEEEING.
  6330 | D:8      | 6330 ||| FLEEEEING.
  6331 | D:8      | 6331 ||| STAIRDANCE
  6606 | D:8      | Found a stormy altar of Qazlal.
  6608 | D:8      | 6608 ||| FLEEEEING.
  6609 | D:8      | 6609 ||| FLEEEEING.
  6610 | D:8      | 6610 ||| FLEEEEING.
  6617 | D:8      | 6617 ||| FLEEEEING.
  6619 | D:8      | 6619 ||| FLEEEEING.
  6620 | D:8      | 6620 ||| FLEEEEING.
  6621 | D:8      | 6621 ||| FLEEEEING.
  6622 | D:8      | 6622 ||| FLEEEEING.
  6627 | D:8      | 6627 ||| STAIRDANCE
  6918 | D:9      | Found a staircase to the Lair.
  6957 | D:9      | Reached skill level 9 in Fighting
  7027 | D:9      | Found a shimmering blue altar of Sif Muna.
  7176 | D:9      | 7176 ||| FLEEEEING.
  7431 | D:9      | Reached skill level 14 in Ranged Weapons
  8040 | D:9      | Found a runed translucent door.
  8040 | D:9      | Noticed qw's ghost (novice GrHs)
  8119 | D:9      | 8119 ||| UPGRADING to +2 robe of positive energy.
  8129 | D:9      | 8129 ||| DROPPING +0 ring mail.
  8130 | D:9      | 8130 ||| DROPPING amulet of regeneration.
  8131 | D:9      | 8131 ||| READING scroll labelled QOROVO GIRGHUHANOED.
  8165 | D:10     | Entered Level 10 of the Dungeon
  8438 | D:10     | Found an ornate altar of the Wu Jian Council.
  8446 | D:10     | 8446 ||| Stepping ~*~*~tactically~*~*~ (outnumbered).
  8458 | D:10     | Reached skill level 6 in Dodging
  8463 | D:10     | 8463 ||| Stepping ~*~*~tactically~*~*~ (outnumbered).
  8471 | D:10     | 8471 ||| FLEEEEING.
  8507 | D:10     | 8507 ||| FLEEEEING.
  8509 | D:10     | 8509 ||| FLEEEEING.
  8510 | D:10     | 8510 ||| FLEEEEING.
  8511 | D:10     | 8511 ||| FLEEEEING.
  8512 | D:10     | 8512 ||| FLEEEEING.
  8513 | D:10     | 8513 ||| FLEEEEING.
  8515 | D:10     | 8515 ||| STAIRDANCE
  8601 | D:9      | 8601 ||| UPGRADING to scarf of resistance.
  8822 | D:10     | Found a portal to a secret trove of treasure.
  9053 | D:10     | Found an iron altar of Okawaru.
  9054 | D:10     | 9054 ||| PLANNING OKAWARU WORSHIP
  9054 | D:10     | 9054 ||| READING 2 scrolls labelled JUF CAYPOUMOR.
  9055 | D:10     | 9055 ||| DROPPING scroll of noise.
  9057 | D:10     | Found a glowing silver altar of Zin.
  9057 | D:10     | Found a hide-covered altar of Uskayaw.
  9057 | D:10     | Found a white marble altar of Elyvilon.
  9060 | D:10     | Became a worshipper of Warmaster Okawaru
  9061 | D:10     | 9061 ||| PLANNING D:1-11
  9062 | D:10     | Found a sparkling altar of Nemelex Xobeh.
  9134 | D:10     | 9134 ||| PLANNING LAIR
  9172 | Lair:1   | Entered Level 1 of the Lair of Beasts
  9172 | Lair:1   | Noticed a cane toad
  9180 | Lair:1   | Killed a cane toad
  9198 | Lair:1   | Reached XP level 11. HP: 99/99 MP: 11/11
  9237 | Lair:1   | Noticed a catoblepas
  9239 | Lair:1   | 9239 ||| Stepping ~*~*~tactically~*~*~ (cloud).
  9243 | Lair:1   | 9243 ||| Stepping ~*~*~tactically~*~*~ (cloud).
  9253 | Lair:1   | 9253 ||| Stepping ~*~*~tactically~*~*~ (cloud).
  9257 | Lair:1   | HP: 2/99 [catoblepas (25)]
  9258 | Lair:1   | 9258 ||| READING 3 scrolls of teleportation.
  9258 | Lair:1   | Succumbed to a water moccasin's poison

Levels and vault maps discovered:
D:1:      lightli_arrival_windingriver, layout_loops_ring,
          hellmonk_ecumenical_altar_pennies_from_heaven,
          minmay_misc_feat_ornament, chequers_serial_rivers_micro_e
D:2:      layout_basic, uniq_sigmund, uniq_jessica
D:3:      layout_basic, marbit_many_paths
D:4:      layout_layer_cave, minmay_temple_entry_junction_2
D:5:      layout_gridville, uniq_prince_ribbit1, uniq_duvessa
D:6:      layout_loops_ring, minmay_puff
D:7:      layout_loops_corners
D:8:      layout_basic, amcnicky_altar_gilded, nicolae_shop_fire_sale
          [nicolae_sub_dead_trees]
D:9:      layout_loops_corners, nicolae_sif_muna_condensation, lair_entry_dummy,
          gammafunk_ghost_grave
D:10:     layout_loops_ring, minitemple, enter_trove_2, minmay_misc_feat_square,
          st_stairs_5, kennysheep_decorative_pillar
Temple:   nicolae_temple_ecumenical_triangle
Lair:1:   layout_gridlike, basic_altar, beast_lair_carwin_7

Skill      XL: |  1  2  3  4  5  6  7  8  9 10 |
---------------+-------------------------------+-----
Ranged Weapons | 3 5 6 7 8 10 13 14 | 14.5
Fighting       | 2 3 4 5 7 8 10 | 10.0
Armour         | 1 2 3 4 |  4.2
Dodging        | 3 4 6 |  6.2
Spellcasting   | |  1.0
Hexes          | |  2.0

Action                     |  1- 3 |  4- 6 |  7- 9 | 10-12 || total
---------------------------+-------+-------+-------+-------++-------
   Fire: Sling             |    39 |       |       |       ||    39
         Orcbow            |     4 |   108 |   259 |   212 ||   583
    Use: Scroll            |     4 |     7 |     7 |     3 ||    21
         Potion            |       |     1 |     1 |       ||     2
 Armour: Robe              |     6 |       |       |    15 ||    21
         Leather armour    |       |     7 |       |       ||     7
         Ring mail         |       |     1 |    45 |    13 ||    59
  Dodge: Dodged            |    16 |    25 |    52 |    59 ||   152
  Block: Other             |       |     1 |    24 |    31 ||    56
         Reflection        |       |       |     1 |     1 ||     2

Table legend:
 A = Non-vault XP
 B = Vault XP
 C = Vault XP percentage of total XP
 D = Non-vault monster count
 E = Vault monster count
 F = Vault count percentage of total count
                 A         B        C        D         E       F
            +---------+---------+-------+---------+---------+-------
      Total |    8744 |    2294 |  20.8 |     190 |      14 |   6.9
            +---------+---------+-------+---------+---------+-------
        D:1 |      28 |       0 |   0.0 |      15 |       0 |   0.0
        D:2 |      74 |     260 |  77.8 |      21 |       2 |   8.7
        D:3 |      82 |       2 |   2.4 |      17 |       1 |   5.6
        D:4 |     482 |       0 |   0.0 |      27 |       0 |   0.0
        D:5 |     832 |     498 |  37.4 |      11 |       3 |  21.4
        D:6 |     785 |     386 |  33.0 |      19 |       4 |  17.4
        D:7 |     897 |       0 |   0.0 |      18 |       0 |   0.0
        D:8 |    1777 |       0 |   0.0 |      15 |       0 |   0.0
        D:9 |    2955 |       0 |   0.0 |      29 |       0 |   0.0
       D:10 |     736 |     715 |  49.3 |      17 |       3 |  15.0
     Lair:1 |      96 |     433 |  81.9 |       1 |       1 |  50.0
            +---------+---------+-------+---------+---------+-------
